 Dungeon Crawl Stone Soup version 0.26.1-16-g4e020e15dc (webtiles) character file.

Game seed: 915896392933777961

99452 tkbsonic5 the Fighter (level 16, -15/88 HPs)
             Began as a Vine Stalker Monk on Oct 15, 2023.
             Was a High Priest of Nemelex Xobeh.
             Killed from afar by Jorgrun (55 damage)
             ... with an iron shot
             ... on level 1 of the Spider Nest on Jan 2, 2024.
             The game lasted 01:50:52 (23371 turns).

tkbsonic5 the Fighter (Vine Stalker Monk)          Turns: 23371, Time: 01:50:53

Health: -15/88     AC: 24    Str: 19    XL:     16   Next: 25%
Magic:  0/25       EV:  7    Int: 10    God:    Nemelex Xobeh [*****.]
Gold:   1347       SH: 12    Dex: 19    Spells: 15/15 levels left

rFire    . . .     SeeInvis .   z - +10 rapier of the Sixty-Six Artists {vorpal, rElec rN+}
rCold    . . .     Faith    .   P - +0 kite shield {AC+3}
rNeg     + . .     Spirit   +   f - +0 plate armour {Alice's FanVe}
rPois    +         Reflect  .   S - +2 helmet
rElec    +         Harm     .   g - +0 cloak
rCorr    .         Rampage  .   o - +1 pair of gloves
Will     +++..                  e - +0 pair of boots
Stlth    ..........             T - amulet of regeneration
HPRegen  1.44/turn              n - ring of willpower
MPRegen  0.19/turn              y - ring of poison resistance

@: no status effects
A: fangs 3, regeneration 2, magic shield, antimagic bite, no potion heal 3
a: Renounce Religion, Draw Escape, Draw Destruction, Draw Summoning, Draw Stack,
Triple Draw, Deal Four, Stack Five


You were on level 1 of the Spider Nest.
You worshipped Nemelex Xobeh.
Nemelex Xobeh was extremely pleased with you.
You visited 3 branches of the dungeon, and saw 22 of its levels.

You collected 1571 gold pieces.
You spent 224 gold pieces at shops.

Inventory:

Hand Weapons
 h - a +9 rapier of freezing {(9+++,13++#) Soloman's Glacial Rapier}
 l - a +5 long sword
 z - the +10 rapier of the Sixty-Six Artists (weapon) {vorpal, rElec rN+}
   (You found it on level 14 of the Dungeon)

   It inflicts extra damage upon your enemies.
   It insulates you from electricity.
   It protects you from negative energy.
 Z - the +3 hunting sling "Neogguru" {freeze, rElec Int+2}
   (You found it on level 14 of the Dungeon)

   It causes projectiles fired from it to freeze those they strike, causing
   extra injury to most foes and up to half again as much damage against
   particularly susceptible opponents.
   They can also slow down cold-blooded creatures.
   It affects your intelligence (+2).
   It insulates you from electricity.
Missiles
 i - 53 poisoned darts (quivered)
 t - 44 bolts
 w - 40 sling bullets
 B - 482 arrows
 X - 4 javelins
Armour
 e - a +0 pair of boots (worn)
 f - a +0 plate armour (worn) {Alice's FanVe}
 g - a +0 cloak (worn)
 o - a +1 pair of gloves (worn)
 N - a +2 helmet of intelligence
 P - a +0 kite shield of protection (worn)
 S - a +2 helmet (worn)
Jewellery
 d - an uncursed amulet of magic regeneration
 n - a ring of willpower (left hand)
 s - a +6 ring of intelligence
 y - a ring of poison resistance (right hand)
 A - a +6 ring of strength
 K - an uncursed ring of willpower
 O - an uncursed amulet of reflection
 Q - an uncursed ring of positive energy
 T - an amulet of regeneration (around neck)
Wands
 G - a wand of acid (8)
 H - a wand of disintegration (23)
Scrolls
 b - 5 scrolls of magic mapping
 c - 8 scrolls of remove curse
 j - a scroll of identify
 m - a scroll of enchant armour {unknown}
 u - 2 scrolls of amnesia
 C - 4 scrolls of fog
 I - 4 scrolls of teleportation
 M - 5 scrolls of fear
 V - a scroll of blinking
Potions
 k - a potion of curing
 p - 4 potions of lignification
 q - 2 potions of haste
 r - 4 potions of mutation
 v - a potion of cancellation {unknown}
 D - 2 potions of magic
 E - a potion of resistance
 F - 3 potions of flight
 J - 2 potions of brilliance {unknown}
 R - a potion of might
Miscellaneous
 a - a lightning rod (4/4)
 x - a box of beasts (inert)


   Skills:
 * Level 11.9 Fighting
 * Level 11.3 Short Blades
 - Level 0.8(7.2) Long Blades
 - Level 1.1 Staves
 - Level 2.0(5.5) Slings
 + Level 8.2(8.4) Throwing
 * Level 6.8 Armour
 - Level 4.1 Dodging
 - Level 4.4 Stealth
 * Level 9.9 Shields
 - Level 5.2 Unarmed Combat
 + Level 11.0 Invocations
 + Level 9.0 Evocations


You had 15 spell levels left.
You didn't know any spells.
Your spell library contained the following spells:

 Spells                   Type           Power        Failure   Level
 Beastly Appendage        Tmut           0%           100%        1
 Foxfire                  Conj/Fire      0%           100%        1
 Shock                    Conj/Air       0%           100%        1
 Corpse Rot               Necr/Air       N/A          100%        2
 Ensorcelled Hibernation  Hex/Ice        0%           100%        2
 Swiftness                Air            0%           100%        2
 Wereblood                Tmut           0%           100%        2
 Confusing Touch          Hex            0%           100%        3
 Conjure Flame            Conj/Fire      0%           100%        3
 Gell's Gravitas          Tloc           0%           100%        3
 Inner Flame              Hex/Fire       0%           100%        3
 Ozocubu's Armour         Ice            0%           100%        3
 Spider Form              Tmut/Pois      0%           100%        3
 Static Discharge         Conj/Air       0%           100%        3
 Stone Arrow              Conj/Erth      0%           100%        3
 Airstrike                Air            0%           100%        4
 Animate Dead             Necr           0%           100%        4
 Cause Fear               Hex            0%           100%        4
 Hailstorm                Conj/Ice       0%           100%        4
 Ice Form                 Ice/Tmut       0%           100%        4
 Petrify                  Tmut/Erth      0%           100%        4
 Sticky Flame             Conj/Fire      0%           100%        4
 Blade Hands              Tmut           0%           100%        5
 Borgnjor's Vile Clutch   Necr/Erth      0%           100%        5
 Fireball                 Conj/Fire      0%           100%        5
 Lightning Bolt           Conj/Air       0%           100%        5
 Metabolic Englaciation   Hex/Ice        0%           100%        5
 Silence                  Hex/Air        0%           100%        5
 Summon Forest            Summ/Tloc      0%           100%        5
 Yara's Violent Unravell  Hex/Tmut       0%           100%        5
 Death Channel            Necr           0%           100%        6
 Eringya's Noxious Bog    Tmut/Pois      0%           100%        6
 Hydra Form               Tmut           0%           100%        6
 Simulacrum               Ice/Necr       0%           100%        6
 Summon Hydra             Summ           0%           100%        7
 Discord                  Hex            0%           100%        8


Dungeon Overview and Level Annotations

Branches:
Dungeon (15/15)            Temple (0/1) D:7            Lair (6/6) D:9
  Swamp (0/4) Lair:3       Spider (1/4) Lair:2        Slime (0/5) Lair:6
    Orc (0/2) D:9          Vaults (0/5) D:14         Depths (0/5) D:15

Altars:
Cheibriados
Dithmenos
Hepliaklqana
Kikubaaqudgha
Makhleb
Nemelex Xobeh
Trog
Vehumet
Zin
Jiyva

Shops:
D:10 }

Portals:
Ossuary: D:4

Annotations:
Spider:1 Jorgrun


Innate Abilities, Weirdness & Mutations

You have razor-sharp teeth.
You heal very quickly.
When hurt, damage is shared between your health and your magic reserves.
Your bite disrupts and absorbs the magic of your enemies.
Potions cannot restore your health.


Message History

You draw a card...
You have drawn Velocity.
The wolf spider seems to slow down.
The deck of cards glows slightly and disappears.
The wolf spider barely misses you. x2; You block the wolf spider's attack.
The wolf spider bites you but does no damage.
The wolf spider hits you but does no damage.
You block the wolf spider's attack.
You hear an angry hiss. x2
You draw a card...
You have drawn the Rangers.
A jumping spider comes into view.
The wolf spider hits you!
The wolf spider bites you but does no damage.
The jumping spider barely misses you.
The jumping spider completely misses you.
You block the wolf spider's attack.
The wolf spider bites you but does no damage.
Jorgrun points at you and mumbles some strange words.
The iron shot hits you!!!
Ouch! That really hurt!
You die...
Your body glows with a rainbow of weird colours and disappears.

#....†#......^............###
##....#.......#...####........
##...†...##...#..######........
#........^.......# #........^..
#.....#..........# #.....#.....
.....†.....#....§####..........
......[....>....§#§...^#.......
..............§§s§§............
..............cs@§c.......^....
..............§sgs§.......##.#.
..............§§ssc^......# ##
#..........#....§.§....##..#
...^......#....g(.....## ..#
...#.#..#.....# ## ..
##.........# . #..s.s.....#
...........#


You could see Jorgrun (slow), 4 wolf spiders, 2 jumping spiders, a friendly
centaur warrior (summoned) and 2 friendly yaktaurs.

Vanquished Creatures
  Donald (Spider:1)
  Azrael (D:11)
  An entropy weaver (Spider:1)
  An ettin (D:15)
  A great orb of eyes (Lair:1)
  An ogre mage (D:15)
  11 hydras
  A catoblepas (Lair:5)
  3 two-headed ogres
  A boulder beetle (D:15)
  2 dancing weapons (D:14)
  2 centaur warriors
  A queen ant (Lair:2)
  A death knight (D:14)
  Urug (D:12)
  3 tengu warriors
  A shock serpent (D:15)
  Sonja (D:11)
  A hell knight (D:15)
  A sea snake (D:15)
  2 unseen horrors
  Pikel (D:7)
  5 orb spiders (Spider:1)
  8 wolf spiders (Spider:1)
  2 manticores
  13 slime creatures
  A will-o-the-wisp (Lair:3)
  2 cyclopes (D:15)
  13 ugly things
  2 black mambas
  2 gargoyles
  Maggie (D:7)
  16 cane toads
  A freezing wraith (D:13)
  6 rime drakes
  7 komodo dragons
  A kobold demonologist (D:15)
  2 tengu conjurers (D:15)
  3 demonic crawlers (Spider:1)
  3 trolls
  9 jumping spiders (Spider:1)
  12 polar bears
  3 hornets
  Grinder (D:4)
  9 dream sheep
  21 blink frogs
  17 redbacks (Spider:1)
  10 spriggans (Lair:6)
  3 wraiths
  A vampire (D:14)
  6 tarantellas (Spider:1)
  Eustachio (D:4)
  A shadow (D:13)
  2 wyverns
  2 hogs (D:13)
  8 fire elementals
  24 yaks
  6 basilisks
  A steam dragon (D:13)
  A hog (shapeshifter) (D:13)
  A vampire mosquito (D:13)
  5 soldier ants (Lair:2)
  2 acid dragons
  20 water moccasins
  8 ice beasts
  6 black bears
  3 boggarts (Lair:6)
  4 sky beasts
  3 phantoms
  30 wolves
  13 centaurs
  8 ogres
  8 orc warriors
  A big kobold (D:10)
  20 bullfrogs
  A water moccasin zombie (D:10)
  2 wyvern skeletons (D:12)
  4 scorpions
  16 killer bees
  A water moccasin skeleton (D:6)
  20 wights
  3 electric eels (D:12)
  3 howler monkeys
  A bullfrog zombie (D:11)
  3 centaur zombies
  A quasit (D:10)
  5 centaur skeletons
  4 bullfrog skeletons
  12 orc priests
  4 hounds
  5 jellies
  4 iguanas
  Jessica (D:2)
  21 orc wizards
  14 worker ants
  A hound skeleton (D:9)
  A gnoll (D:2)
  A howler monkey zombie (D:8)
  8 adders
  A shadow imp (D:6)
  15 white imps
  3 ufetubi
  3 oozes
  An adder zombie (D:5)
  2 adder skeletons (D:6)
  3 worms
  3 dart slugs
  7 leopard geckos
  46 orcs
  A ball python (D:1)
  7 giant cockroaches
  10 hobgoblins
  14 jackals
  3 quokkas
  4 bats (D:3)
  6 frilled lizards
  9 goblins
  17 kobolds
  A leopard gecko skeleton (D:6)
  9 rats
698 creatures vanquished.

Vanquished Creatures (collateral kills)
  Asterion (Spider:1)
  An ogre mage (D:13)
  2 unseen horrors (D:13)
  A deep elf mage (D:12)
  4 ugly things (D:14)
  A cyclops (D:13)
  An elephant (D:9)
  A black mamba (Lair:6)
  Joseph (D:7)
  A torpor snail (Lair:6)
  A freezing wraith (D:13)
  2 hornets
  A dream sheep (Lair:6)
  A spriggan (Lair:6)
  A hog (D:13)
  2 wyverns
  6 yaks
  A tarantella (Spider:1)
  An orc warrior (D:11)
  An eye of draining (D:13)
  A boggart (Lair:6)
  A centaur (Lair:6)
  A lemure (D:7)
  A bullfrog (Lair:6)
  5 wights
  An orc (D:9)
41 creatures vanquished.

Vanquished Creatures (others)
  Kirke (D:13)
  A yak (D:12)
  12 foxfires (Lair:3)
  31 fungi
  37 plants
82 creatures vanquished.

Grand Total: 821 creatures vanquished

Notes
Turn   | Place    | Note
-------+----------+-------------------------------------------
     0 | D:1      | tkbsonic5 the Vine Stalker Monk began the quest for the
                  | Orb.
     0 | D:1      | Reached XP level 1. HP: 11/11 MP: 2/2
   670 | D:1      | Reached XP level 2. HP: 10/16 MP: 0/3
   972 | D:1      | Reached XP level 3. HP: 16/20 MP: 4/4
  1964 | D:2      | Noticed Jessica
  1968 | D:2      | Killed Jessica
  1969 | D:2      | Gained mutation: Your natural rate of healing is unusually
                  | fast. [Vine Stalker growth]
  1969 | D:2      | Reached XP level 4. HP: 24/24 MP: 5/5
  2690 | D:2      | Reached XP level 5. HP: 28/29 MP: 6/6
  2697 | D:2      | Found a faded altar of an unknown god.
  3004 | D:3      | Reached skill level 1 in Throwing
  3462 | D:3      | Found an ancient bone altar of Kikubaaqudgha.
  3462 | D:3      | Found a bloodstained altar of Trog.
  3925 | D:4      | Reached XP level 6. HP: 25/33 MP: 7/7
  3956 | D:4      | Found a sparkling altar of Nemelex Xobeh.
  3957 | D:4      | Found a shadowy altar of Dithmenos.
  3963 | D:4      | Became a worshipper of Nemelex Xobeh the Trickster
  3963 | D:4      | Reached * piety under Nemelex Xobeh
  3963 | D:4      | Received a gift from Nemelex Xobeh
  3963 | D:4      | Reached ** piety under Nemelex Xobeh
  3997 | D:4      | Noticed Eustachio
  4023 | D:4      | Killed Eustachio
  4024 | D:4      | Reached skill level 5 in Unarmed Combat
  4024 | D:4      | Reached XP level 7. HP: 23/38 MP: 6/8
  4165 | D:4      | Found a sand-covered staircase.
  4210 | D:4      | Received a gift from Nemelex Xobeh
  4294 | D:4      | Noticed Grinder
  4319 | D:4      | Killed Grinder
  4320 | D:4      | Reached skill level 1 in Short Blades
  4369 | D:4      | You fall into a shaft and drop 1 floor!
  4369 | D:5      | Entered Level 5 of the Dungeon
  5166 | D:6      | Reached skill level 5 in Fighting
  5166 | D:6      | Gained mutation: You have razor-sharp teeth. [Vine Stalker
                  | growth]
  5166 | D:6      | Reached XP level 8. HP: 20/43 MP: 4/9
  5173 | D:6      | Reached skill level 1 in Invocations
  5176 | D:6      | Reached skill level 1 in Armour
  5348 | D:6      | Reached *** piety under Nemelex Xobeh
  5367 | D:6      | Noticed a wyvern
  5373 | D:6      | Killed a wyvern
  5511 | D:6      | Identified the -1 hand axe "Usautuinim" {holy, Dex+6}
  5517 | D:6      | Reached XP level 9. HP: 36/48 MP: 7/11
  5618 | D:6      | Received a gift from Nemelex Xobeh
  6015 | D:6      | Found a hazy altar of Hepliaklqana.
  6254 | D:7      | Noticed Pikel
  6279 | D:7      | Killed Pikel
  6338 | D:7      | Noticed Maggie
  6341 | D:7      | Reached skill level 5 in Short Blades
  6359 | D:7      | Killed Maggie
  6392 | D:7      | Noticed Joseph
  6408 | D:7      | Killed Joseph
  6409 | D:7      | Reached XP level 10. HP: 50/55 MP: 11/13
  6553 | D:7      | Reached skill level 1 in Staves
  7068 | D:7      | Reached **** piety under Nemelex Xobeh
  7120 | D:7      | Found a staircase to the Ecumenical Temple.
  7325 | D:8      | Noticed a manticore
  7338 | D:8      | Killed a manticore
  7339 | D:8      | Reached skill level 1 in Shields
  7668 | D:8      | Noticed a two-headed ogre
  7713 | D:8      | Killed a two-headed ogre
  7714 | D:8      | Reached skill level 5 in Throwing
  7714 | D:8      | Reached skill level 5 in Invocations
  8207 | D:8      | Found a burning altar of Makhleb.
  8242 | D:8      | Reached skill level 1 in Evocations
  8414 | D:8      | You fall into a shaft and drop 2 floors!
  8414 | D:10     | Entered Level 10 of the Dungeon
  8664 | D:10     | Received a gift from Nemelex Xobeh
  8853 | D:10     | Found Tauttypp's Gadget Shoppe.
  8861 | D:10     | Bought a wand of disintegration (12) for 224 gold pieces
  8895 | D:10     | Reached XP level 11. HP: 60/60 MP: 16/16
  9168 | D:10     | Killed an unseen horror
  9433 | D:10     | Received a gift from Nemelex Xobeh
  9529 | D:11     | Noticed a seven-headed hydra
  9554 | D:11     | Banished a seven-headed hydra
  9771 | D:11     | Noticed a two-headed ogre
  9787 | D:11     | Killed a two-headed ogre
  9952 | D:11     | Noticed Sonja
  9977 | D:11     | Killed Sonja
 10371 | D:11     | Noticed a red ugly thing
 10379 | D:11     | Killed an unseen horror
 10390 | D:11     | Killed a red ugly thing
 10757 | D:9      | Received a gift from Nemelex Xobeh
 10774 | D:9      | Gained mutation: You heal very quickly. [Vine Stalker
                  | growth]
 10774 | D:9      | Reached XP level 12. HP: 36/65 MP: 12/18
 10843 | D:9      | Found a staircase to the Lair.
 10886 | D:9      | Found a radiant altar of Vehumet.
 11005 | D:9      | Found a staircase to the Orcish Mines.
 11156 | D:9      | Reached ***** piety under Nemelex Xobeh
 11188 | D:9      | Received a gift from Nemelex Xobeh
 11433 | Lair:1   | Entered Level 1 of the Lair of Beasts
 11575 | Lair:1   | Reached skill level 5 in Shields
 11736 | Lair:1   | Noticed a five-headed hydra
 11740 | Lair:1   | Reached skill level 5 in Armour
 11755 | Lair:1   | Noticed a storm dragon
 11755 | Lair:1   | a five-headed hydra changed into a storm dragon
 11757 | Lair:1   | Noticed a great orb of eyes
 11757 | Lair:1   | a storm dragon changed into a great orb of eyes
 11762 | Lair:1   | Killed a great orb of eyes
 11889 | Lair:1   | Got an ichor-stained leather armour
 11890 | Lair:1   | Identified the +2 leather armour of Wasted Space {rElec rC-
                  | Will++ Dex+2} (You found it on level 1 of the Lair of
                  | Beasts)
 11959 | Lair:1   | Received a gift from Nemelex Xobeh
 12416 | Lair:2   | Received a gift from Nemelex Xobeh
 12497 | Lair:2   | Found a hole to the Spider Nest.
 12651 | Lair:2   | Reached skill level 5 in Evocations
 12897 | Lair:2   | Noticed a queen ant
 12930 | Lair:2   | Killed a queen ant
 13562 | Lair:3   | Found a staircase to the Swamp.
 13882 | Lair:3   | Reached XP level 13. HP: 40/70 MP: 10/20
 14189 | Lair:3   | Received a gift from Nemelex Xobeh
 15999 | Lair:5   | Received a gift from Nemelex Xobeh
 16004 | Lair:5   | Found a glowing silver altar of Zin.
 16324 | Lair:5   | Received a gift from Nemelex Xobeh
 16697 | Lair:6   | Entered Level 6 of the Lair of Beasts
 16773 | Lair:6   | Reached skill level 10 in Fighting
 16862 | Lair:6   | Found a snail-covered altar of Cheibriados.
 17132 | Lair:6   | Reached XP level 14. HP: 60/77 MP: 19/21
 17155 | Lair:6   | Reached ****** piety under Nemelex Xobeh
 17384 | Lair:6   | Received a gift from Nemelex Xobeh
 17847 | Lair:6   | Found a viscous altar of Jiyva.
 17848 | Lair:6   | Found a staircase to the Slime Pits.
 17848 | Lair:6   | Received a gift from Nemelex Xobeh
 18157 | Lair:6   | Identified the Papyrus of Frigorific Changing
 18509 | D:12     | Noticed Urug
 18510 | D:12     | Noticed Azrael
 18570 | D:11     | Killed Azrael
 18630 | D:11     | Reached skill level 10 in Short Blades
 18694 | D:12     | HP: 3/77 [fire elemental[Azrael] (4)]
 18760 | D:12     | Reached skill level 10 in Invocations
 18761 | D:12     | Killed Urug
 19164 | D:12     | Received a gift from Nemelex Xobeh
 19817 | D:13     | Noticed Kirke
 19844 | D:13     | Killed Kirke
 19851 | D:13     | Found a frozen archway.
 20133 | D:13     | Reached XP level 15. HP: 81/82 MP: 20/23
 20496 | D:14     | Received a gift from Nemelex Xobeh
 20666 | D:14     | Got an iridescent hunting sling
 20745 | D:14     | Identified the +3 hunting sling "Neogguru" {freeze, rElec
                  | Int+2} (You found it on level 14 of the Dungeon)
 20833 | D:14     | Got a translucent quarterstaff
 21085 | D:14     | Got an iridescent rapier
 21086 | D:14     | Identified the +10 rapier of the Sixty-Six Artists {vorpal,
                  | rElec rN+} (You found it on level 14 of the Dungeon)
 21093 | D:14     | Found a gate to the Vaults.
 21156 | D:14     | Received a gift from Nemelex Xobeh
 21350 | D:15     | Entered Level 15 of the Dungeon
 21377 | D:15     | Reached skill level 1 in Slings
 21644 | D:15     | Found a staircase to the Depths.
 22572 | Spider:1 | Entered Level 1 of the Spider Nest
 22645 | Spider:1 | Noticed Asterion
 22651 | Spider:1 | Noticed a cacodemon
 22655 | Spider:1 | Identified the -1 long sword of Responsibility {antimagic,
                  | +Inv MP-9 Str+2 Dex+5}
 22664 | Spider:1 | Killed Asterion
 22772 | Spider:1 | Reached XP level 16. HP: 84/88 MP: 23/25
 23003 | Spider:1 | Noticed Donald
 23019 | Spider:1 | Killed Donald
 23360 | Spider:1 | Noticed Jorgrun
 23371 | Spider:1 | Killed from afar by Jorgrun

Illustrated notes

Levels and vault maps discovered:
D:1:      psy_arrival_spokes, layout_basic
D:2:      layout_basic, chequers_ecumenical_altar_grove, minmay_hexomino_f4,
          uniq_jessica
D:3:      layout_basic, gammafunk_temple_overflow_wave, minmay_statues_item
D:4:      layout_loops_ring, lemuel_doored_altar, grunt_temple_overflow_open,
          enter_ossuary_2, minivault_1, uniq_grinder, uniq_eustachio,
          uniq_crazy_yiuf_cottage
D:5:      layout_basic, item_on_display_b
D:6:      layout_basic, nzn_hepliaklqana_mist_gate
D:7:      layout_basic, minmay_temple_entry_poolview, uniq_maggie, uniq_pikel,
          uniq_joseph
D:8:      layout_layer_cave, nicolae_overflow_crystal_walls
D:9:      layout_cave_pools, old_standard_altar, david_lair_generic, orc_0_dummy
D:10:     layout_roguey, serial_shops, shop
D:11:     layout_roguey, uniq_sonja
D:12:     layout_basic, uniq_urug, uniq_azrael
D:13:     layout_cave_pools, portal_ice_cave_entry_imps, minivault_28,
          uniq_kirke
D:14:     layout_loops_ring, erik_vaults_1, serial_park_tiny_2,
          lightli_corner_chamber
D:15:     hangedman_depths_entry_civil_slaughter, layout_long_grid,
          minmay_misc_feat_enclosed
Lair:1:   layout_loops_ring
Lair:2:   layout_gridlike, spider_nest_entry_web_field, wad_woods_antlair
Lair:3:   layout_roguey, minmay_swamp_entry_wisps, st_stairs_6,
          infiniplex_staircase_pool
Lair:4:   wad_woods_structure_01, layout_hall_layers, serial_bayou_pond_d
Lair:5:   layout_hall_layers, basic_altar, st_stairs_13
Lair:6:   minmay_lair_end_enchanted_forest, layout_regular_city,
          dpeg_slime_entry_enclosed_altar, chequers_serial_rivers_micro_a,
          lemuel_centaur_altar, grunt_megastairs_5
Spider:1: nicolae_spider_mines_3, uniq_donald, uniq_jorgrun, uniq_asterion

Skill      XL: |  1  2  3  4  5  6  7  8  9 10 11 12 13 14 15 16 |
---------------+-------------------------------------------------+-----
Fighting       | 3 4 5 6 7 8 9 10 11 | 11.9
Unarmed Combat | 4 5 |  5.2
Throwing       | 1 2 3 4 5 6 7 8 |  8.2
Stealth        | 3 4 |  4.4
Dodging        | 3 4 |  4.1
Short Blades   | 2 3 5 6 7 8 9 10 11 | 11.3
Invocations    | 2 3 5 6 8 9 10 11 | 11.0
Armour         | 2 3 4 5 6 |  6.8
Staves         | 1 |  1.1
Shields        | 3 4 6 7 8 9 |  9.9
Evocations     | 1 3 5 6 8 9 |  9.0
Slings         | 2 |  2.0
Long Blades    | |  0.8

Action                   |  1- 3 |  4- 6 |  7- 9 | 10-12 | 13-15 | 16-18 || total
-------------------------+-------+-------+-------+-------+-------+-------++-------
Melee: Unarmed           |   107 |   120 |     5 |       |       |       ||   232
       Bite              |    26 |    34 |    47 |   265 |   408 |    34 ||   814
       Punch             |     3 |     2 |     5 |     1 |       |       ||    11
       Rapier            |       |       |   167 |   727 |  1022 |    92 ||  2008
       Falchion          |       |       |       |    33 |       |       ||    33
       Quarterstaff      |       |       |       |    11 |       |       ||    11
Throw: Dart              |     2 |    76 |    90 |   106 |    55 |    45 ||   374
       Boomerang         |       |       |       |    42 |   124 |       ||   166
       Javelin           |       |       |       |       |    42 |       ||    42
Invok: Draw Destruction  |       |       |     8 |    11 |    41 |     1 ||    61
       Draw Summoning    |       |       |    11 |     2 |    10 |     2 ||    25
       Draw Escape       |       |       |     4 |     5 |    12 |     4 ||    25
       Deal Four         |       |       |       |       |     3 |     1 ||     4
       Stack Five        |       |       |       |       |     1 |       ||     1
       Draw Stack        |       |       |       |       |     1 |       ||     1
Evoke: Wand              |       |       |       |    24 |    60 |     9 ||    93
       Box of beasts     |       |       |       |       |     1 |     1 ||     2
       Lightning rod     |       |       |       |       |       |     2 ||     2
  Use: Scroll            |       |    12 |    11 |    10 |    13 |       ||    46
       Potion            |       |       |     2 |     4 |     3 |     2 ||    11
 Stab: Sleeping          |     1 |     2 |       |       |       |       ||     3
       Petrified         |       |       |     4 |       |       |     1 ||     5
       Invisible         |       |       |     4 |       |       |       ||     4
       Paralysed         |       |       |       |     3 |     2 |       ||     5
       Distracted        |       |       |       |       |     2 |     2 ||     4
       Petrifying        |       |       |       |       |     1 |       ||     1
Armor: Leather armour    |    16 |     7 |       |       |       |       ||    23
       Robe              |     1 |       |       |       |       |       ||     1
       Scale mail        |       |    27 |    10 |       |       |       ||    37
       Chain mail        |       |       |    79 |    49 |       |       ||   128
       Plate armour      |       |       |       |   285 |   510 |   100 ||   895
       Skin              |       |       |       |    18 |       |       ||    18
Dodge: Dodged            |    53 |    60 |    54 |   125 |   198 |    43 ||   533
Block: Kite shield       |       |       |       |   284 |   469 |    58 ||   811
       Rpst.: Falchion   |       |       |       |     1 |       |       ||     1
